Workbook

Sheet TEST
A1: TEST CHALVIN ET MULLER | C1: =IF(F1<>93,VLOOKUP(0,$F$2:$G$215,2,FALSE),"") | F1: =SUM(F2:F184) -> 93
A2: Nom : | B2: DUMAS | F2: =IF(B2<>"",1,0) -> 1 | G2: Veuillez renseigner votre nom
A3: Prénom : | B3: FRANK | F3: =IF(B3<>"",1,0) -> 1 | G3: Veuillez renseigner votre prénom
A4: Date : | B4: 44988 | F4: =IF(B4<>"",1,0) -> 1 | G4: Veuillez renseigner la date à laquelle vous réalisez ce test
B5: Conseils pratiques à lire avant de répondre au questionnaire Chaque paire d’attitudes va vous paraître illogique. Ceci est voulu afin que vous puissiez vous dégager des modèles habituels des jugements : bien / mal, beau / laid, moral / immoral, etc. La méthodologie de questionnement utilisée est celle du choix forcé, c’est à dire que vous êtes obligés de choisir l’un des deux termes de chaque alternative. Vous ne pouvez pas « sauter » une réponse. En cas de doute ou d’hésitation, posez-vous des questions du genre de celles-ci : « Combien de fois en 6 mois ai-je agi ainsi ? » ou « si je faisais un auto-pointage de mon temps, quel serait le pourcentage de temps trouvé dans chacune des alternatives ». Certaines paires proposent des attitudes toutes les deux inefficaces. Dans la vie professionnelle, et en particulier dans l’exercice des responsabilités d’encadrement, nous sommes parfois acculés à de tels choix. VOUS DEVEZ REPONDRE A TOUTES LES QUESTIONS. la case en haut à droite vous indique quelle question est restée sans réponse, tant que cette case est rouge vous ne pouvez accéder aux résultats de l'onglet GRAPHIQUE, | C5: Réponses seulement a ou b
A6: 1 | B6: 1.a. Pourquoi consacrer de l'énergie et du temps à des entretiens annuels qui ne servent à rien ? La note décidée par le responsable est bien suffisante. | C6: a | F6: =IF(C6<>"",1,0) -> 1 | G6: ="Question n° "&A6&" sans réponse …" -> Question n° 1 sans réponse …
B7: 1.b. C'est en fonction des responsabilités confiées à chacun des collaborateurs que je définis les actions de formation à entreprendre pour optimiser leur efficacité professionnelle.
A8: 2 | B8: 2.a. Je m'intéresse aux évolutions des méthodes de management, je participe à des séminaires sur le sujet et je vois avec mon équipe comment nous pourrions les transposer dans notre entreprise. | C8: b | F8: =IF(C8<>"",1,0) -> 1 | G8: ="Question n° "&A8&" sans réponse …" -> Question n° 2 sans réponse …
B9: 2.b. En cas de conflit, je préfère un face-à-face vigoureux plutôt qu'une entente de façade qui étouffe les désaccords sous jacents.
A10: 3 | B10: 3.a. Je suis un adepte de l'adaptation permanente et du changement. Je suis déçu de m'apercevoir que de nombreux collaborateurs que je supervise semblent s'installer dans une douce routine. | C10: b | F10: =IF(C10<>"",1,0) -> 1 | G10: ="Question n° "&A10&" sans réponse …" -> Question n° 3 sans réponse …
B11: 3.b. Je supervise en permanence mes collaborateurs pour qu'ils assument les responsabilités et les missions qui leur sont confiées.
A12: 4 | B12: 4.a. En cas de problème récurrent, je préfère m'interroger sur les causes liées à notre organisation et à nos règles de fonctionnement plutôt que sur les personnes. | C12: b | F12: =IF(C12<>"",1,0) -> 1 | G12: ="Question n° "&A12&" sans réponse …" -> Question n° 4 sans réponse …
B13: 4.b. Ce n'est qu'après avoir personnellement examiné un projet de changement et en avoir bien délimité les contours avec la direction ou mon manager que j'en avise le personnel.
A14: 5 | B14: 5.a. En cas d'erreur, je n'ose pas me confronter à son auteur, afin qu'il conserve intacte sa motivation. | C14: a | F14: =IF(C14<>"",1,0) -> 1 | G14: ="Question n° "&A14&" sans réponse …" -> Question n° 5 sans réponse …
B15: 5.b. J'entends Intervenir personnellement dans l'accueil et l'intégration des nouveaux entrants. Je désire être seul pour les recevoir afin qu'ils comprennent clairement ce que j'attends d'eux pour le bien de l'entreprise et des clients.
A16: 6 | B16: 6.a. Je concentre l'attention de mes collaborateurs sur les missions prioritaires de l'entreprise et de notre service. Chacun assume ainsi ses responsabilités. | C16: a | F16: =IF(C16<>"",1,0) -> 1 | G16: ="Question n° "&A16&" sans réponse …" -> Question n° 6 sans réponse …
B17: 6.b. J'estime que la rigueur et la fermeté sont nécessaires pour assurer la qualité des services rendus aux clients et aux usagers.
A18: 7 | B18: 7.a. Je ne traite un problème qu'à partir du moment où il est formulé par écrit sur papier ou en courrier électronique. | C18: a | F18: =IF(C18<>"",1,0) -> 1 | G18: ="Question n° "&A18&" sans réponse …" -> Question n° 7 sans réponse …
B19: 7.b. Il faut qu'un collaborateur ait bien fait la preuve de ses capacités pour que je lui confie des responsabilités plus larges.
A20: 8 | B20: 8.a. Je suis confiant dans la capacité de chacun à traiter les situations difficiles avec son entourage professionnel. | C20: a | F20: =IF(C20<>"",1,0) -> 1 | G20: ="Question n° "&A20&" sans réponse …" -> Question n° 8 sans réponse …
B21: 8.b. C'est en fonction de la manière dont les collaborateurs font face aux circonstances défavorables et aux difficultés, que j'évalue leurs capacités professionnelles. C'est dans les occasions exceptionnelles que se révèlent les personnalités fortes, aptes à assumer des missions complexes.
A22: 9 | B22: 9.a. Je fais des compliments à mes collaborateurs pour les motiver, même si je pense qu'ils ne les méritent pas, | C22: a | F22: =IF(C22<>"",1,0) -> 1 | G22: ="Question n° "&A22&" sans réponse …" -> Question n° 9 sans réponse …
B23: 9.b. Je pense qu'en dernière instance, c'est au responsable de décider seul.
A24: 10 | B24: 10.a. J'estime que la fermeté, la rigueur et le respect mutuel sont nécessaires dans les rapports avec les représentants du personnel. À cet égard, j'applique la loi, rien que la loi, toute la loi. | C24: b | F24: =IF(C24<>"",1,0) -> 1 | G24: ="Question n° "&A24&" sans réponse …" -> Question n° 10 sans réponse …
B25: 10.b. Je ne songe pas à déléguer mes responsabilités. ll n'est pas question pour moi d'endosser les erreurs des autres et de risquer ainsi de perdre mon autorité
A26: 11 | B26: 11.a. Je pense qu'une organisation doit être adaptée à son époque. C'est pourquoi je concentre une partie de mon énergie à moderniser son fonctionnement, en particulier grâce aux réseaux électroniques : intranet, groupware, forums, mails, etc. | C26: a | F26: =IF(C26<>"",1,0) -> 1 | G26: ="Question n° "&A26&" sans réponse …" -> Question n° 11 sans réponse …
B27: 11.b. Je reste discret lorsque je vais suivre un stage de formation, pour ne pas afficher ouvertement mes faiblesses. Un responsable doit être prudent à cet égard, sous peine de se voir très vite contesté.
A28: 12 | B28: 12.a. J'ai appris des méthodes de résolution de problèmes en groupe qui m’apparaissent très efficaces. J'ai moi-même formé plusieurs collaborateurs à l'application de ces méthodes en les convainquant de leur pertinence. Mais les problèmes s'accumulent et nous les résolvons au mieux au dernier moment, poussés par l'urgence. | C28: a | F28: =IF(C28<>"",1,0) -> 1 | G28: ="Question n° "&A28&" sans réponse …" -> Question n° 12 sans réponse …
B29: 12.b. Discuter des changements avec mon équipe me paraît stérile. On perd du temps en tergiversations et états d'âme. La note de service ou le mail informant des modifications est pour moi le seul moyen qui permette d'éviter que des opinions différentes ne s'expriment.
A30: 13 | B30: 13.a. Je suscite et j'écoute les remarques et suggestions de mes collaborateurs à propos du fonctionnement du service et de l'entreprise. Je m'organise pour que ces idées soient suivies d'effets. | C30: b | F30: =IF(C30<>"",1,0) -> 1 | G30: ="Question n° "&A30&" sans réponse …" -> Question n° 13 sans réponse …
B31: 13.b. Si j'écoutais toutes les plaintes et récriminations du personnel, je n'aurais plus de temps à consacrer aux priorités, II ne saurait être question de transformer mon espace de travail en « bureau des pleurs ».
A32: 14 | B32: 14.a. Mon équipe est une grande famille. Je ne veux pas tout gâcher en exerçant une quelconque autorité hiérarchique. | C32: a | F32: =IF(C32<>"",1,0) -> 1 | G32: ="Question n° "&A32&" sans réponse …" -> Question n° 14 sans réponse …
B33: 14.b. En cas de désaccord entre des personnes de mon équipe, je tranche assez vite pour celui qui argumente le mieux et dont les positions sont proches des miennes. Le travail sérieux ne peut s'accommoder de discussions à n'en plus finir.
A34: 15 | B34: 15.a. Je considère que les procédures permettent à chacun de travailler efficacement. | C34: a | F34: =IF(C34<>"",1,0) -> 1 | G34: ="Question n° "&A34&" sans réponse …" -> Question n° 15 sans réponse …
B35: 15.b. « Faire confiance » ne me paraît pas sérieux. Seul un contrôle très strict peut garantir un travail de qualité.
A36: 16 | B36: 16.a. À quoi bon faire des entretiens d'appréciation puisqu'en fin de compte, je ne dispose que d'une très étroite marge de manœuvre en matière de rémunération et de carrière. | C36: a | F36: =IF(C36<>"",1,0) -> 1 | G36: ="Question n° "&A36&" sans réponse …" -> Question n° 16 sans réponse …
B37: 16.b. Je pense que les représentants du personnel, même s'ils affichent de beaux principes de façade, freinent les évolutions nécessaires de l'entreprise. Je les reçois sans vraiment les écouter. C'est pour moi une contrainte qui me fait perdre mon temps.
A38: 17 | B38: 17.a. J'accepte de revenir sur une décision quand elle s'avère erronée. | C38: a | F38: =IF(C38<>"",1,0) -> 1 | G38: ="Question n° "&A38&" sans réponse …" -> Question n° 17 sans réponse …
B39: 17.b. Le personnel me craint. Rares sont ceux qui osent me contredire. Et c'est bien comme cela.
A40: 18 | B40: 18.a. Dans les situations tendues, je préfère rester dans un premier temps en retrait pour écouter et utiliser les points faibles de mes interlocuteurs. | C40: b | F40: =IF(C40<>"",1,0) -> 1 | G40: ="Question n° "&A40&" sans réponse …" -> Question n° 18 sans réponse …
B41: 18.b. Lorsque je découvre une erreur, j'estime que j'ai le devoir de sanctionner le responsable. C'est mon rôle de faire appliquer et respecter cette sanction.
A42: 19 | B42: 19.a. J'interviens personnellement lors des incidents avec les clients internes et externes. Je n'hésite pas à faire appel au responsable qualité si nécessaire. | C42: a | F42: =IF(C42<>"",1,0) -> 1 | G42: ="Question n° "&A42&" sans réponse …" -> Question n° 19 sans réponse …
B43: 19.b. Je m'emploie à rendre meilleures les communications, tant vers les autres services, que vers les clients internes et externes et le personnel. C'est pour moi l'un des vecteurs d'ouverture de l'unité ou de l'entreprise à son environnement.
A44: 20 | B44: 20.a. Donner le droit à l'erreur, c'est autoriser l'échec. | C44: a | F44: =IF(C44<>"",1,0) -> 1 | G44: ="Question n° "&A44&" sans réponse …" -> Question n° 20 sans réponse …
B45: 20.b. Je pense que les confrontations d'idées et les conflits dans un groupe sont des phénomènes normaux et des facteurs de progrès. Je fais valoir à mes collaborateurs les aspects positifs de ces affrontements d'idées qui contribuent à améliorer en permanence l'existant.
A46: 21 | B46: 21.a. L'entreprise est devenue aujourd'hui un univers complexe. Cette complexité ne pourra que s'accroître demain avec les nouvelles technologies de l'information et de la communication. Il convient, pour faire face à cette complexité croissante, de promouvoir une coopération sans faille entre les personnes et les services. Ceux à qui j'en parle sont d'accord avec moi, mais trop peu d'entre eux commencent à transformer cette idée en actes. | C46: a | F46: =IF(C46<>"",1,0) -> 1 | G46: ="Question n° "&A46&" sans réponse …" -> Question n° 21 sans réponse …
B47: 21.b. Je pousse tous les membres du personnel à exprimer ouvertement leurs points de vue tout en veillant à ce que les équipes oeuvrent dans le sens des priorités et traitent l'essentiel de leurs missions.
A48: 22 | B48: 22.a. Les collaborateurs peuvent influer sur mes décisions dans la mesure où l'application de leurs suggestions conforte les missions de l'unité ou de l'entreprise. | C48: b | F48: =IF(C48<>"",1,0) -> 1 | G48: ="Question n° "&A48&" sans réponse …" -> Question n° 22 sans réponse …
B49: 22.b. La recherche d'une plus grande efficacité et la volonté de maintenir un bon climat de travail ne sont pas pour moi contradictoires. C'est précisément mon rôle que de me préoccuper des deux.
A50: 23 | B50: 23.a. II m'arrive souvent d'effectuer des tâches qui devraient être réalisées par mes collaborateurs. | C50: a | F50: =IF(C50<>"",1,0) -> 1 | G50: ="Question n° "&A50&" sans réponse …" -> Question n° 23 sans réponse …
B51: 23.b. Je perçois bien que les motivations du personnel que j'encadre sont diverses. J'en tiens compte dans les missions que je confie à chacun sans jamais perdre de vue le but que je poursuis, à savoir l'optimisation do notre unité en termes de coûts et de services rendus.
A52: 24 | B52: 24.a. J'estime que pour réussir un projet, il faut avoir déterminé à l'avance une date butoir, un calendrier et un cheminement d'étapes. | C52: a | F52: =IF(C52<>"",1,0) -> 1 | G52: ="Question n° "&A52&" sans réponse …" -> Question n° 24 sans réponse …
B53: 24.b. Je pense que toute décision de changement doit être débattue avec toutes les personnes concernées. J'en ai convaincu mes managers, qui me laissent d'importantes marges de manœuvre.
A54: 25 | B54: 25.a. Chacun, dans une collectivité, et en particulier dans une entreprise, doit se conformer aux règles et procédures explicites. Sinon, le désordre s'installe. | C54: a | F54: =IF(C54<>"",1,0) -> 1 | G54: ="Question n° "&A54&" sans réponse …" -> Question n° 25 sans réponse …
B55: 25.b. Reconnaître le droit à l'erreur, c'est favoriser l'esprit d'initiative des collaborateurs. C'est aussi permettre de repérer plus facilement les insuffisances des uns et des autres pour les faire progresser rapidement.
A56: 26 | B56: 26.a. J'établis des scenarii de rechange pour changer de cap au cas où des évènements impromptus contrecarreraient les projets. | C56: b | F56: =IF(C56<>"",1,0) -> 1 | G56: ="Question n° "&A56&" sans réponse …" -> Question n° 26 sans réponse …
B57: 26.b. La confrontation permanente entre les idées exprimées par la hiérarchie et celles émises par les collaborateurs permet d'améliorer les conditions de travail, la coopération et la productivité. Je l'encourage constamment.
A58: 27 | B58: 27.a. Flatter l'orgueil de mes collaborateurs me réussit bien lorsque je veux leur demander d'accomplir une tâche exceptionnelle. | C58: a | F58: =IF(C58<>"",1,0) -> 1 | G58: ="Question n° "&A58&" sans réponse …" -> Question n° 27 sans réponse …
B59: 27.b. Les actions de formation doivent tendre à répondre à la fois au désir d'apprentissage et de promotion des individus, et aux besoins d'évolution de l'entreprise. C'est en adoptant ce principe que j'élabore le plan de formation avec les intéressés.
A60: 28 | B60: 28.a. Je pense que je ne peux être exigeant avec mon équipe que si je suis exigeant avec moi-même. | C60: b | F60: =IF(C60<>"",1,0) -> 1 | G60: ="Question n° "&A60&" sans réponse …" -> Question n° 28 sans réponse …
B61: 28.b. J'insiste souvent sur l'indispensable coordination entre tous pour mieux remplir les missions dont nous sommes responsables. J'en ai persuadé mes collaborateurs. Ils me disent qu'ils sont d'accord bien qu'ils continuent en fait d'agir isolément.
A62: 29 | B62: 29.a. On devrait pouvoir diriger et gérer en toute liberté sans contraintes légales. Les salariés seraient obligés de s'investir dans le travail si je pouvais leur appliquer plus facilement des sanctions, voire même, les licencier. | C62: a | F62: =IF(C62<>"",1,0) -> 1 | G62: ="Question n° "&A62&" sans réponse …" -> Question n° 29 sans réponse …
B63: 29.b. Que chacun puisse exprimer ses désaccords est indispensable pour la bonne marche du travail. Je l'ai fait savoir à tous. J'invite toutefois les membres de mon équipe à la prudence avant de se livrer à une critique. En fait, je constate qu'ils sont très réservés avec moi.
A64: 30 | B64: 30.a. Je crée des groupes de travail pour qu'ils réfléchissent et préconisent des actions visant à améliorer la qualité de notre service. | C64: a | F64: =IF(C64<>"",1,0) -> 1 | G64: ="Question n° "&A64&" sans réponse …" -> Question n° 30 sans réponse …
B65: 30.b. La qualité du service est pour moi un souci constant. J'ai convaincu mes collaborateurs que c'était la clé du succès. C'est pourquoi je suis surpris des retards répétés et du fort taux de réclamations des clients internes et externes.
A66: 31 | B66: 31.a. Lors des entretiens annuels, je demande à mes collaborateurs de me donner des conseils quant à la manière dont je les manage. Ils s'expriment et j'en tiens compte. | C66: b | F66: =IF(C66<>"",1,0) -> 1 | G66: ="Question n° "&A66&" sans réponse …" -> Question n° 31 sans réponse …
B67: 31.b. L'erreur est pour moi une occasion d'apprentissage; je le répète souvent. Je ne l'accepte pas pour autant sans rien dire. Je regrette cependant que mes collaborateurs prennent si peu d'initiatives.
A68: 32 | B68: 32.a. Je préfère une idée médiane partagée par tous à une très bonne idée à laquelle tout le monde s'oppose. | C68: a | F68: =IF(C68<>"",1,0) -> 1 | G68: ="Question n° "&A68&" sans réponse …" -> Question n° 32 sans réponse …
B69: 32.b. Informer au maximum les membres de mon équipe est une exigence si je veux les faire participer à la vie de l'entreprise. Aussi, je passe beaucoup de temps à discuter avec eux. Néanmoins, ils se plaignent de n'être pas bien informés, et effectivement, ils m'apparaissent souvent ignorer les choses essentielles.
A70: 33 | B70: 33.a. Je pense que tout ce qui n'est pas mesuré n'est pas managé. J'informe régulièrement l'ensemble du personnel des principaux indicateurs d'activité de l'entreprise et de mon unité. | C70: a | F70: =IF(C70<>"",1,0) -> 1 | G70: ="Question n° "&A70&" sans réponse …" -> Question n° 33 sans réponse …
B71: 33.b. Je n'hésite pas à déléguer. Cela ne peut qu'enrichir le travail de chacun, et de mon côté, me permettre de consacrer plus de temps aux projets prioritaires. En fait, les mêmes problèmes récurrents m'accaparent, et je perds beaucoup de temps à vérifier ce que font mes collaborateurs.
A72: 34 | B72: 34.a. Je rappelle souvent que c'est la direction de l'entreprise qui décide des grandes orientations et que nous sommes là pour les appliquer. | C72: a | F72: =IF(C72<>"",1,0) -> 1 | G72: ="Question n° "&A72&" sans réponse …" -> Question n° 34 sans réponse …
B73: 34.b. Je suis convaincu de l'importance des conditions matérielles et psychologiques du travail. A coup sûr, elles contribuent à améliorer le climat social et la qualité de service. Mais je suis sans cesse harcelé par des problèmes plus urgents qui m'interdisent, à mon grand regret, de m'en occuper.
A74: 35 | B74: 35.a. Je crois que l'entente parfaite dans une équipe n'existe pas. Je préfère que nous trouvions ensemble des arrangements viables pour que l'équipe fonctionne normalement. | C74: b | F74: =IF(C74<>"",1,0) -> 1 | G74: ="Question n° "&A74&" sans réponse …" -> Question n° 35 sans réponse …
B75: 35.b. Je me soucie beaucoup de l'optimisation du rapport qualité/coût/délai. J'en parle fréquemment. J'ai entrepris à ce sujet plusieurs études en consultant mes collaborateurs. Hélas, je n'ai jamais le temps de les terminer.
A76: 36 | B76: 36.a. Une bonne manière de déstabiliser un interlocuteur hostile consiste à relever ses contradictions et ses incohérences. | C76: a | F76: =IF(C76<>"",1,0) -> 1 | G76: ="Question n° "&A76&" sans réponse …" -> Question n° 36 sans réponse …
B77: 36.b. Je dis souvent à ceux qui m'entourent que la formation et le développement de leurs compétences leur assureront des trajectoires professionnelles motivantes, et pourtant, je constate que les collaborateurs s'en désintéressent.
A78: 37 | B78: 37.a. J'évite de laisser l'équipe ronronner au rythme du « train-train quotidien ». C'est pourquoi je lance régulièrement des projets de changement | C78: a | F78: =IF(C78<>"",1,0) -> 1 | G78: ="Question n° "&A78&" sans réponse …" -> Question n° 37 sans réponse …
B79: 37.b. Je désire que l'équipe en place participe à l'accueil des nouveaux entrants. J'estime sa contribution essentielle et l'avis de mes collaborateurs se révèle être un précieux atout pour réussir l'intégration des nouveaux.
A80: 38 | B80: 38.a. Le responsable doit avoir le dernier mot, sinon, son autorité est vite contestée. | C80: a | F80: =IF(C80<>"",1,0) -> 1 | G80: ="Question n° "&A80&" sans réponse …" -> Question n° 38 sans réponse …
B81: 38.b. Veiller à l'intégration des entrants et les aider à devenir de bons professionnels est pour moi l'une des priorités d'un responsable d'encadrement. J'y consacre tout le temps nécessaire, je suis à leur écoute et je valorise auprès de leurs collègues ce qu'ils peuvent nous apporter.
A82: 39 | B82: 39.a. En cas de difficulté ou de problème répétitif, j'interviens immédiatement pour rappeler mes exigences en matière de qualité et de performance. Je nomme des responsables pour animer des groupes de résolution de problèmes et je suis prêt à retenir les idées du groupe si celles-ci sont orientées vers l'optimisation de l'organisation et l'amélioration du service rendu. | C82: a | F82: =IF(C82<>"",1,0) -> 1 | G82: ="Question n° "&A82&" sans réponse …" -> Question n° 39 sans réponse …
B83: 39.b. Quand j'exerce un contrôle du travail de mes collaborateurs, je crois utile qu'ils en comprennent la raison. Cette attitude contribue à leur donner plus d'assurance en eux-mêmes.
A84: 40 | B84: 40.a. Je pense que pour diriger une équipe de travail, il convient de faciliter la communication ascendante, c'est-à-dire que chacun doit apporter ses idées pour un meilleur fonctionnement collectif. J'ai l'impression que cette idée est partagée par tous, mais trop peu d'informations et de suggestions pertinentes remontent jusqu'à moi. | C84: a | F84: =IF(C84<>"",1,0) -> 1 | G84: ="Question n° "&A84&" sans réponse …" -> Question n° 40 sans réponse …
B85: 40.b. Il est primordial qu'au cours des réunions, chacun puisse exprimer ses opinions et se sentir libre d'émettre ses suggestions. Je crois à la richesse des solutions qui résultent d'un travail en équipe.
A86: 41 | B86: 41.a. Je suis serviable et facile à vivre. J'ai l'impression que les autres m'exploitent. | C86: a | F86: =IF(C86<>"",1,0) -> 1 | G86: ="Question n° "&A86&" sans réponse …" -> Question n° 41 sans réponse …
B87: 41.b. J'ai le plus grand souci d'informer au maximum les collaborateurs , afin qu'ils se sentent concernés par le fonctionnement de l'unité et le service rendu aux clients.
A88: 42 | B88: 42.a. Mon emploi du temps est connu de tous. Chacun peut ainsi prendre des rendez-vous pour traiter des problèmes professionnels. | C88: a | F88: =IF(C88<>"",1,0) -> 1 | G88: ="Question n° "&A88&" sans réponse …" -> Question n° 42 sans réponse …
B89: 42.b. J'estime qu'un manager doit clarifier les missions et les rôles de son équipe. Dans mon unité, j'invite autant que possible mes collaborateurs à me donner leur avis sur la répartition des rôles que je leur propose.
A90: 43 | B90: 43.a. Pour ne pas se laisser déborder pas les exigences des clients internes et externes, je demande au personnel à leur contact de respecter strictement le règlement intérieur. | C90: a | F90: =IF(C90<>"",1,0) -> 1 | G90: ="Question n° "&A90&" sans réponse …" -> Question n° 43 sans réponse …
B91: 43.b. Pour moi, les intentions de changement et de réorganisation doivent être annoncées aussitôt que possible afin que les personnes et les équipes puissent faire part des difficultés pressenties. Il importe également d'évoquer ensemble les procédures de facilitation du changement à mettre en oeuvre.
A92: 44 | B92: 44.a. En cas de problème avec un collaborateur, j'exprime immédiatement ce que je pense sans pour autant humilier mon interlocuteur. Je pense qu'un manager doit savoir trouver un équilibre entre autorité et diplomatie. | C92: a | F92: =IF(C92<>"",1,0) -> 1 | G92: ="Question n° "&A92&" sans réponse …" -> Question n° 44 sans réponse …
B93: 44.b. J'encourage mes collaborateurs à exercer sur moi leur influence. Je ne le crains pas, car je constate que l'influence réciproque cimente un bon esprit d'équipe.
A94: 45 | B94: 45.a. Je laisse souvent des points dans l'ombre pour éviter des conflits. | C94: a | F94: =IF(C94<>"",1,0) -> 1 | G94: ="Question n° "&A94&" sans réponse …" -> Question n° 45 sans réponse …
B95: 45.b. En tant que manager responsable du développement des compétences de mon équipe, je considère que je dois d'abord observer les pratiques de mes collaborateurs, et ensuite, les aider à devenir encore plus efficients.
A96: 46 | B96: 46.a. Mon but est de tirer le meilleur parti de moi-même, du personnel et des moyens mis à notre disposition. | C96: a | F96: =IF(C96<>"",1,0) -> 1 | G96: ="Question n° "&A96&" sans réponse …" -> Question n° 46 sans réponse …
B97: 46.b. Les réunions sont pour moi, essentiellement, l'occasion d'échanges. L'important est que les participants discutent librement, même si dans toute réunion, on ne peut pas traiter tous les points prévus.
A98: 47 | B98: 47.a. Quand vous commencez à accorder des faveurs aux collaborateurs, ils en profitent et vous en demandent toujours plus. | C98: a | F98: =IF(C98<>"",1,0) -> 1 | G98: ="Question n° "&A98&" sans réponse …" -> Question n° 47 sans réponse …
B99: 47.b. Je suis sensible aux heurts entre les gens. Aussi m'efforcé-je d'étouffer les conflits et les griefs en disant qu'il s'agit en fait de simples malentendus. Je ne voudrais pour rien au monde accroître leur opposition et risquer ainsi de perdre leur estime.
A100: 48 | B100: 48.a. J'analyse régulièrement avec mes collaborateurs les écarts entre les prévisions et les réalisations. Nous trouvons ensemble les idées et les actions correctives. | C100: a | F100: =IF(C100<>"",1,0) -> 1 | G100: ="Question n° "&A100&" sans réponse …" -> Question n° 48 sans réponse …
...

Sheet Correction 1
B1: Styles de Management : Ce que je fais ou qui se rapproche le plus de ce que je fais
B2: Nom et Prénom : | F2: =IF(AND(TEST!B2<>"",TEST!B3<>""),TEST!B2& " "&TEST!B3,"") -> DUMAS FRANK | L2: Date : | N2: =IF(TEST!B4=0,"",TEST!B4) -> 44988
B3: T | D3: T' | F3: M | H3: M' | J3: P | L3: P' | N3: G | P3: G' | R3: R | T3: R' | V3: Résultats ligne (b) | W3: Ligne+ colonne +1 | Y3: STYLE
D4: 1 | E4: =IF(VLOOKUP(D4,TEST!$A$6:$D$185,3,FALSE)=0,"",VLOOKUP(D4,TEST!$A$6:$D$185,3,FALSE)) -> a | F4: 2 | G4: =IF(VLOOKUP(F4,TEST!$A$6:$D$185,3,FALSE)=0,"",VLOOKUP(F4,TEST!$A$6:$D$185,3,FALSE)) -> b | H4: 3 | I4: =IF(VLOOKUP(H4,TEST!$A$6:$D$185,3,FALSE)=0,"",VLOOKUP(H4,TEST!$A$6:$D$185,3,FALSE)) -> b | J4: 4 | K4: =IF(VLOOKUP(J4,TEST!$A$6:$D$185,3,FALSE)=0,"",VLOOKUP(J4,TEST!$A$6:$D$185,3,FALSE)) -> b | L4: 5 | M4: =IF(VLOOKUP(L4,TEST!$A$6:$D$185,3,FALSE)=0,"",VLOOKUP(L4,TEST!$A$6:$D$185,3,FALSE)) -> a | N4: 6 | O4: =IF(VLOOKUP(N4,TEST!$A$6:$D$185,3,FALSE)=0,"",VLOOKUP(N4,TEST!$A$6:$D$185,3,FALSE)) -> a | P4: 7 | Q4: =IF(VLOOKUP(P4,TEST!$A$6:$D$185,3,FALSE)=0,"",VLOOKUP(P4,TEST!$A$6:$D$185,3,FALSE)) -> a | R4: 8 | S4: =IF(VLOOKUP(R4,TEST!$A$6:$D$185,3,FALSE)=0,"",VLOOKUP(R4,TEST!$A$6:$D$185,3,FALSE)) -> a | T4: 9 | U4: =IF(VLOOKUP(T4,TEST!$A$6:$D$185,3,FALSE)=0,"",VLOOKUP(T4,TEST!$A$6:$D$185,3,FALSE)) -> a | V4: =COUNTIF(B4:U4,"b") -> 3 | W4: =V4+C14+1 -> 11 | X4: T | Y4: Entreprenant (Engagé, directif)
B5: 10 | C5: =IF(VLOOKUP(B5,TEST!$A$6:$D$185,3,FALSE)=0,"",VLOOKUP(B5,TEST!$A$6:$D$185,3,FALSE)) -> b | F5: 11 | G5: =IF(VLOOKUP(F5,TEST!$A$6:$D$185,3,FALSE)=0,"",VLOOKUP(F5,TEST!$A$6:$D$185,3,FALSE)) -> a | H5: 12 | I5: =IF(VLOOKUP(H5,TEST!$A$6:$D$185,3,FALSE)=0,"",VLOOKUP(H5,TEST!$A$6:$D$185,3,FALSE)) -> a | J5: 13 | K5: =IF(VLOOKUP(J5,TEST!$A$6:$D$185,3,FALSE)=0,"",VLOOKUP(J5,TEST!$A$6:$D$185,3,FALSE)) -> b | L5: 14 | M5: =IF(VLOOKUP(L5,TEST!$A$6:$D$185,3,FALSE)=0,"",VLOOKUP(L5,TEST!$A$6:$D$185,3,FALSE)) -> a | N5: 15 | O5: =IF(VLOOKUP(N5,TEST!$A$6:$D$185,3,FALSE)=0,"",VLOOKUP(N5,TEST!$A$6:$D$185,3,FALSE)) -> a | P5: 16 | Q5: =IF(VLOOKUP(P5,TEST!$A$6:$D$185,3,FALSE)=0,"",VLOOKUP(P5,TEST!$A$6:$D$185,3,FALSE)) -> a | R5: 17 | S5: =IF(VLOOKUP(R5,TEST!$A$6:$D$185,3,FALSE)=0,"",VLOOKUP(R5,TEST!$A$6:$D$185,3,FALSE)) -> a | T5: 18 | U5: =IF(VLOOKUP(T5,TEST!$A$6:$D$185,3,FALSE)=0,"",VLOOKUP(T5,TEST!$A$6:$D$185,3,FALSE)) -> b | V5: =COUNTIF(B5:U5,"b") -> 3 | W5: =V5+E14+1 -> 13 | X5: T' | Y5: Autocrate (Dictateur)
B6: 19 | C6: =IF(VLOOKUP(B6,TEST!$A$6:$D$185,3,FALSE)=0,"",VLOOKUP(B6,TEST!$A$6:$D$185,3,FALSE)) -> a | D6: 20 | E6: =IF(VLOOKUP(D6,TEST!$A$6:$D$185,3,FALSE)=0,"",VLOOKUP(D6,TEST!$A$6:$D$185,3,FALSE)) -> a | H6: 21 | I6: =IF(VLOOKUP(H6,TEST!$A$6:$D$185,3,FALSE)=0,"",VLOOKUP(H6,TEST!$A$6:$D$185,3,FALSE)) -> a | J6: 22 | K6: =IF(VLOOKUP(J6,TEST!$A$6:$D$185,3,FALSE)=0,"",VLOOKUP(J6,TEST!$A$6:$D$185,3,FALSE)) -> b | L6: 23 | M6: =IF(VLOOKUP(L6,TEST!$A$6:$D$185,3,FALSE)=0,"",VLOOKUP(L6,TEST!$A$6:$D$185,3,FALSE)) -> a | N6: 24 | O6: =IF(VLOOKUP(N6,TEST!$A$6:$D$185,3,FALSE)=0,"",VLOOKUP(N6,TEST!$A$6:$D$185,3,FALSE)) -> a | P6: 25 | Q6: =IF(VLOOKUP(P6,TEST!$A$6:$D$185,3,FALSE)=0,"",VLOOKUP(P6,TEST!$A$6:$D$185,3,FALSE)) -> a | R6: 26 | S6: =IF(VLOOKUP(R6,TEST!$A$6:$D$185,3,FALSE)=0,"",VLOOKUP(R6,TEST!$A$6:$D$185,3,FALSE)) -> b | T6: 27 | U6: =IF(VLOOKUP(T6,TEST!$A$6:$D$185,3,FALSE)=0,"",VLOOKUP(T6,TEST!$A$6:$D$185,3,FALSE)) -> a | V6: =COUNTIF(B6:U6,"b") -> 2 | W6: =V6+G14+1 -> 11 | X6: M | Y6: Maximaliste (Persuasif, leader)
B7: 28 | C7: =IF(VLOOKUP(B7,TEST!$A$6:$D$185,3,FALSE)=0,"",VLOOKUP(B7,TEST!$A$6:$D$185,3,FALSE)) -> b | D7: 29 | E7: =IF(VLOOKUP(D7,TEST!$A$6:$D$185,3,FALSE)=0,"",VLOOKUP(D7,TEST!$A$6:$D$185,3,FALSE)) -> a | F7: 30 | G7: =IF(VLOOKUP(F7,TEST!$A$6:$D$185,3,FALSE)=0,"",VLOOKUP(F7,TEST!$A$6:$D$185,3,FALSE)) -> a | J7: 31 | K7: =IF(VLOOKUP(J7,TEST!$A$6:$D$185,3,FALSE)=0,"",VLOOKUP(J7,TEST!$A$6:$D$185,3,FALSE)) -> b | L7: 32 | M7: =IF(VLOOKUP(L7,TEST!$A$6:$D$185,3,FALSE)=0,"",VLOOKUP(L7,TEST!$A$6:$D$185,3,FALSE)) -> a | N7: 33 | O7: =IF(VLOOKUP(N7,TEST!$A$6:$D$185,3,FALSE)=0,"",VLOOKUP(N7,TEST!$A$6:$D$185,3,FALSE)) -> a | P7: 34 | Q7: =IF(VLOOKUP(P7,TEST!$A$6:$D$185,3,FALSE)=0,"",VLOOKUP(P7,TEST!$A$6:$D$185,3,FALSE)) -> a | R7: 35 | S7: =IF(VLOOKUP(R7,TEST!$A$6:$D$185,3,FALSE)=0,"",VLOOKUP(R7,TEST!$A$6:$D$185,3,FALSE)) -> b | T7: 36 | U7: =IF(VLOOKUP(T7,TEST!$A$6:$D$185,3,FALSE)=0,"",VLOOKUP(T7,TEST!$A$6:$D$185,3,FALSE)) -> a | V7: =COUNTIF(B7:U7,"b") -> 3 | W7: =V7+I14+1 -> 12 | X7: M' | Y7: Utopiste
B8: 37 | C8: =IF(VLOOKUP(B8,TEST!$A$6:$D$185,3,FALSE)=0,"",VLOOKUP(B8,TEST!$A$6:$D$185,3,FALSE)) -> a | D8: 38 | E8: =IF(VLOOKUP(D8,TEST!$A$6:$D$185,3,FALSE)=0,"",VLOOKUP(D8,TEST!$A$6:$D$185,3,FALSE)) -> a | F8: 39 | G8: =IF(VLOOKUP(F8,TEST!$A$6:$D$185,3,FALSE)=0,"",VLOOKUP(F8,TEST!$A$6:$D$185,3,FALSE)) -> a | H8: 40 | I8: =IF(VLOOKUP(H8,TEST!$A$6:$D$185,3,FALSE)=0,"",VLOOKUP(H8,TEST!$A$6:$D$185,3,FALSE)) -> a | L8: 41 | M8: =IF(VLOOKUP(L8,TEST!$A$6:$D$185,3,FALSE)=0,"",VLOOKUP(L8,TEST!$A$6:$D$185,3,FALSE)) -> a | N8: 42 | O8: =IF(VLOOKUP(N8,TEST!$A$6:$D$185,3,FALSE)=0,"",VLOOKUP(N8,TEST!$A$6:$D$185,3,FALSE)) -> a | P8: 43 | Q8: =IF(VLOOKUP(P8,TEST!$A$6:$D$185,3,FALSE)=0,"",VLOOKUP(P8,TEST!$A$6:$D$185,3,FALSE)) -> a | R8: 44 | S8: =IF(VLOOKUP(R8,TEST!$A$6:$D$185,3,FALSE)=0,"",VLOOKUP(R8,TEST!$A$6:$D$185,3,FALSE)) -> a | T8: 45 | U8: =IF(VLOOKUP(T8,TEST!$A$6:$D$185,3,FALSE)=0,"",VLOOKUP(T8,TEST!$A$6:$D$185,3,FALSE)) -> a | V8: =COUNTIF(B8:U8,"b") -> 0 | W8: =V8+K14+1 -> 6 | X8: P | Y8: Participatif
B9: 46 | C9: =IF(VLOOKUP(B9,TEST!$A$6:$D$185,3,FALSE)=0,"",VLOOKUP(B9,TEST!$A$6:$D$185,3,FALSE)) -> a | D9: 47 | E9: =IF(VLOOKUP(D9,TEST!$A$6:$D$185,3,FALSE)=0,"",VLOOKUP(D9,TEST!$A$6:$D$185,3,FALSE)) -> a | F9: 48 | G9: =IF(VLOOKUP(F9,TEST!$A$6:$D$185,3,FALSE)=0,"",VLOOKUP(F9,TEST!$A$6:$D$185,3,FALSE)) -> a | H9: 49 | I9: =IF(VLOOKUP(H9,TEST!$A$6:$D$185,3,FALSE)=0,"",VLOOKUP(H9,TEST!$A$6:$D$185,3,FALSE)) -> a | J9: 50 | K9: =IF(VLOOKUP(J9,TEST!$A$6:$D$185,3,FALSE)=0,"",VLOOKUP(J9,TEST!$A$6:$D$185,3,FALSE)) -> a | N9: 51 | O9: =IF(VLOOKUP(N9,TEST!$A$6:$D$185,3,FALSE)=0,"",VLOOKUP(N9,TEST!$A$6:$D$185,3,FALSE)) -> a | P9: 52 | Q9: =IF(VLOOKUP(P9,TEST!$A$6:$D$185,3,FALSE)=0,"",VLOOKUP(P9,TEST!$A$6:$D$185,3,FALSE)) -> a | R9: 53 | S9: =IF(VLOOKUP(R9,TEST!$A$6:$D$185,3,FALSE)=0,"",VLOOKUP(R9,TEST!$A$6:$D$185,3,FALSE)) -> a | T9: 54 | U9: =IF(VLOOKUP(T9,TEST!$A$6:$D$185,3,FALSE)=0,"",VLOOKUP(T9,TEST!$A$6:$D$185,3,FALSE)) -> a | V9: =COUNTIF(B9:U9,"b") -> 0 | W9: =V9+M14+1 -> 10 | X9: P' | Y9: Démagogue
B10: 55 | C10: =IF(VLOOKUP(B10,TEST!$A$6:$D$185,3,FALSE)=0,"",VLOOKUP(B10,TEST!$A$6:$D$185,3,FALSE)) -> a | D10: 56 | E10: =IF(VLOOKUP(D10,TEST!$A$6:$D$185,3,FALSE)=0,"",VLOOKUP(D10,TEST!$A$6:$D$185,3,FALSE)) -> a | F10: 57 | G10: =IF(VLOOKUP(F10,TEST!$A$6:$D$185,3,FALSE)=0,"",VLOOKUP(F10,TEST!$A$6:$D$185,3,FALSE)) -> a | H10: 58 | I10: =IF(VLOOKUP(H10,TEST!$A$6:$D$185,3,FALSE)=0,"",VLOOKUP(H10,TEST!$A$6:$D$185,3,FALSE)) -> a | J10: 59 | K10: =IF(VLOOKUP(J10,TEST!$A$6:$D$185,3,FALSE)=0,"",VLOOKUP(J10,TEST!$A$6:$D$185,3,FALSE)) -> a | L10: 60 | M10: =IF(VLOOKUP(L10,TEST!$A$6:$D$185,3,FALSE)=0,"",VLOOKUP(L10,TEST!$A$6:$D$185,3,FALSE)) -> a | P10: 61 | Q10: =IF(VLOOKUP(P10,TEST!$A$6:$D$185,3,FALSE)=0,"",VLOOKUP(P10,TEST!$A$6:$D$185,3,FALSE)) -> a | R10: 62 | S10: =IF(VLOOKUP(R10,TEST!$A$6:$D$185,3,FALSE)=0,"",VLOOKUP(R10,TEST!$A$6:$D$185,3,FALSE)) -> a | T10: 63 | U10: =IF(VLOOKUP(T10,TEST!$A$6:$D$185,3,FALSE)=0,"",VLOOKUP(T10,TEST!$A$6:$D$185,3,FALSE)) -> a | V10: =COUNTIF(B10:U10,"b") -> 0 | W10: =V10+O14+1 -> 10 | X10: G | Y10: Organisateur (Gestionnaire)
B11: 64 | C11: =IF(VLOOKUP(B11,TEST!$A$6:$D$185,3,FALSE)=0,"",VLOOKUP(B11,TEST!$A$6:$D$185,3,FALSE)) -> a | D11: 65 | E11: =IF(VLOOKUP(D11,TEST!$A$6:$D$185,3,FALSE)=0,"",VLOOKUP(D11,TEST!$A$6:$D$185,3,FALSE)) -> a | F11: 66 | G11: =IF(VLOOKUP(F11,TEST!$A$6:$D$185,3,FALSE)=0,"",VLOOKUP(F11,TEST!$A$6:$D$185,3,FALSE)) -> a | H11: 67 | I11: =IF(VLOOKUP(H11,TEST!$A$6:$D$185,3,FALSE)=0,"",VLOOKUP(H11,TEST!$A$6:$D$185,3,FALSE)) -> a | J11: 68 | K11: =IF(VLOOKUP(J11,TEST!$A$6:$D$185,3,FALSE)=0,"",VLOOKUP(J11,TEST!$A$6:$D$185,3,FALSE)) -> a | L11: 69 | M11: =IF(VLOOKUP(L11,TEST!$A$6:$D$185,3,FALSE)=0,"",VLOOKUP(L11,TEST!$A$6:$D$185,3,FALSE)) -> a | N11: 70 | O11: =IF(VLOOKUP(N11,TEST!$A$6:$D$185,3,FALSE)=0,"",VLOOKUP(N11,TEST!$A$6:$D$185,3,FALSE)) -> a | R11: 71 | S11: =IF(VLOOKUP(R11,TEST!$A$6:$D$185,3,FALSE)=0,"",VLOOKUP(R11,TEST!$A$6:$D$185,3,FALSE)) -> a | T11: 72 | U11: =IF(VLOOKUP(T11,TEST!$A$6:$D$185,3,FALSE)=0,"",VLOOKUP(T11,TEST!$A$6:$D$185,3,FALSE)) -> a | V11: =COUNTIF(B11:U11,"b") -> 0 | W11: =V11+Q14+1 -> 10 | X11: G' | Y11: Bureaucrate
B12: 73 | C12: =IF(VLOOKUP(B12,TEST!$A$6:$D$185,3,FALSE)=0,"",VLOOKUP(B12,TEST!$A$6:$D$185,3,FALSE)) -> a | D12: 74 | E12: =IF(VLOOKUP(D12,TEST!$A$6:$D$185,3,FALSE)=0,"",VLOOKUP(D12,TEST!$A$6:$D$185,3,FALSE)) -> a | F12: 75 | G12: =IF(VLOOKUP(F12,TEST!$A$6:$D$185,3,FALSE)=0,"",VLOOKUP(F12,TEST!$A$6:$D$185,3,FALSE)) -> a | H12: 76 | I12: =IF(VLOOKUP(H12,TEST!$A$6:$D$185,3,FALSE)=0,"",VLOOKUP(H12,TEST!$A$6:$D$185,3,FALSE)) -> a | J12: 77 | K12: =IF(VLOOKUP(J12,TEST!$A$6:$D$185,3,FALSE)=0,"",VLOOKUP(J12,TEST!$A$6:$D$185,3,FALSE)) -> a | L12: 78 | M12: =IF(VLOOKUP(L12,TEST!$A$6:$D$185,3,FALSE)=0,"",VLOOKUP(L12,TEST!$A$6:$D$185,3,FALSE)) -> a | N12: 79 | O12: =IF(VLOOKUP(N12,TEST!$A$6:$D$185,3,FALSE)=0,"",VLOOKUP(N12,TEST!$A$6:$D$185,3,FALSE)) -> a | P12: 80 | Q12: =IF(VLOOKUP(P12,TEST!$A$6:$D$185,3,FALSE)=0,"",VLOOKUP(P12,TEST!$A$6:$D$185,3,FALSE)) -> a | T12: 81 | U12: =IF(VLOOKUP(T12,TEST!$A$6:$D$185,3,FALSE)=0,"",VLOOKUP(T12,TEST!$A$6:$D$185,3,FALSE)) -> a | V12: =COUNTIF(B12:U12,"b") -> 0 | W12: =V12+S14+1 -> 8 | X12: R | Y12: Réaliste (Négociateur, pragmatique)
B13: 82 | C13: =IF(VLOOKUP(B13,TEST!$A$6:$D$185,3,FALSE)=0,"",VLOOKUP(B13,TEST!$A$6:$D$185,3,FALSE)) -> a | D13: 83 | E13: =IF(VLOOKUP(D13,TEST!$A$6:$D$185,3,FALSE)=0,"",VLOOKUP(D13,TEST!$A$6:$D$185,3,FALSE)) -> a | F13: 84 | G13: =IF(VLOOKUP(F13,TEST!$A$6:$D$185,3,FALSE)=0,"",VLOOKUP(F13,TEST!$A$6:$D$185,3,FALSE)) -> a | H13: 85 | I13: =IF(VLOOKUP(H13,TEST!$A$6:$D$185,3,FALSE)=0,"",VLOOKUP(H13,TEST!$A$6:$D$185,3,FALSE)) -> a | J13: 86 | K13: =IF(VLOOKUP(J13,TEST!$A$6:$D$185,3,FALSE)=0,"",VLOOKUP(J13,TEST!$A$6:$D$185,3,FALSE)) -> a | L13: 87 | M13: =IF(VLOOKUP(L13,TEST!$A$6:$D$185,3,FALSE)=0,"",VLOOKUP(L13,TEST!$A$6:$D$185,3,FALSE)) -> a | N13: 88 | O13: =IF(VLOOKUP(N13,TEST!$A$6:$D$185,3,FALSE)=0,"",VLOOKUP(N13,TEST!$A$6:$D$185,3,FALSE)) -> a | P13: 89 | Q13: =IF(VLOOKUP(P13,TEST!$A$6:$D$185,3,FALSE)=0,"",VLOOKUP(P13,TEST!$A$6:$D$185,3,FALSE)) -> a | R13: 90 | S13: =IF(VLOOKUP(R13,TEST!$A$6:$D$185,3,FALSE)=0,"",VLOOKUP(R13,TEST!$A$6:$D$185,3,FALSE)) -> a | V13: =COUNTIF(B13:U13,"b") -> 0 | W13: =V13+U14+1 -> 9 | X13: R' | Y13: Opportuniste
A14: Résultats colonne (a) | C14: =COUNTIF(C4:C13,"a") -> 7 | E14: =COUNTIF(E4:E13,"a") -> 9 | G14: =COUNTIF(G4:G13,"a") -> 8 | I14: =COUNTIF(I4:I13,"a") -> 8 | K14: =COUNTIF(K4:K13,"a") -> 5 | M14: =COUNTIF(M4:M13,"a") -> 9 | O14: =COUNTIF(O4:O13,"a") -> 9 | Q14: =COUNTIF(Q4:Q13,"a") -> 9 | S14: =COUNTIF(S4:S13,"a") -> 7 | U14: =COUNTIF(U4:U13,"a") -> 8 | W14: =SUM(W4:W13) -> 100 | X14: /100

Sheet Correction 2
A4: =+'Correction 1'!F2 -> DUMAS FRANK
A5: =+'Correction 1'!N2 -> 44988
B8: STYLES ADAPTÉS | E8: STYLES INADAPTÉS | K8: STYLES ADAPTÉS | L8: STYLES INADAPTÉS | M8: Cumulé
B9: =+IF(TEST!$C$1="",+'Correction 1'!W4,"") -> 11 | C9: ENTREPRENANT | E9: =+IF(TEST!$C$1="",+'Correction 1'!W5,"") -> 13 | F9: AUTOCRATE | J9: Valeur maxi | K9: =MAX(B9:B13) -> 13 | L9: =MAX(E9:E13) -> 13 | M9: =MAX(E15:E19) -> 24
B10: =+IF(TEST!$C$1="",+'Correction 1'!W5,"") -> 13 | C10: MAXIMALISTE | E10: =+IF(TEST!$C$1="",+'Correction 1'!W6,"") -> 11 | F10: UTOPISTE | J10: Concat les intitulés se référant à la valeur maxi avec ; comme séparateur | K10: =IF(B9=K$9,C9&";","")&IF(B10=K$9,C10&";","")&IF(B11=K$9,C11&";","")&IF(B12=K$9,C12&";","")&IF(B13=K$9,C13&";","") -> MAXIMALISTE; | L10: =IF(E9=L$9,F9&";","")&IF(E10=L$9,F10&";","")&IF(E11=L$9,F11&";","")&IF(E12=L$9,F12&";","")&IF(E13=L$9,F13&";","") -> AUTOCRATE; | M10: =IF(E15=M$9,F15&";","")&IF(E16=M$9,F16&";","")&IF(E17=M$9,F17&";","")&IF(E18=M$9,F18&";","")&IF(E19=M$9,F19&";","") -> AUTOCRATE ENTREPRENANT;UTOPISTE MAXIMALISTE;
B11: =+IF(TEST!$C$1="",+'Correction 1'!W6,"") -> 11 | C11: PARTICIPATIF | E11: =+IF(TEST!$C$1="",+'Correction 1'!W7,"") -> 12 | F11: DÉMAGOGUE | J11: Supprime le séparateur de droite | K11: =LEFT(K10,LEN(K10)-1) -> MAXIMALISTE | L11: =LEFT(L10,LEN(L10)-1) -> AUTOCRATE | M11: =LEFT(M10,LEN(M10)-1) -> AUTOCRATE ENTREPRENANT;UTOPISTE MAXIMALISTE
B12: =+IF(TEST!$C$1="",+'Correction 1'!W7,"") -> 12 | C12: ORGANISATEUR | E12: =+IF(TEST!$C$1="",+'Correction 1'!W8,"") -> 6 | F12: BUREAUCRATE | J12: Remplace le séparateur par le saut de ligne | K12: =SUBSTITUTE(K11,";",CHAR(10)) -> MAXIMALISTE | L12: =SUBSTITUTE(L11,";",CHAR(10)) -> AUTOCRATE | M12: =SUBSTITUTE(M11,";",CHAR(10)) -> AUTOCRATE ENTREPRENANT UTOPISTE MAXIMALISTE
B13: =+IF(TEST!$C$1="",+'Correction 1'!W8,"") -> 6 | C13: RÉALISTE | E13: =+IF(TEST!$C$1="",+'Correction 1'!W9,"") -> 10 | F13: OPPORTUNISTE
B15: =+B9 -> 11 | D15: =+E9 -> 13 | E15: =+B15+D15 -> 24 | F15: =+CONCATENATE(F9, " ",C9) -> AUTOCRATE ENTREPRENANT
B16: =+B10 -> 13 | D16: =+E10 -> 11 | E16: =+B16+D16 -> 24 | F16: =+CONCATENATE(F10, " ",C10) -> UTOPISTE MAXIMALISTE
B17: =+B11 -> 11 | D17: =+E11 -> 12 | E17: =+B17+D17 -> 23 | F17: =+CONCATENATE(F11, " ",C11) -> DÉMAGOGUE PARTICIPATIF
B18: =+B12 -> 12 | D18: =+E12 -> 6 | E18: =+B18+D18 -> 18 | F18: =+CONCATENATE(F12, " ",C12) -> BUREAUCRATE ORGANISATEUR
B19: =+B13 -> 6 | D19: =+E13 -> 10 | E19: =+B19+D19 -> 16 | F19: =+CONCATENATE(F13, " ",C13) -> OPPORTUNISTE RÉALISTE

Sheet GRAPHIQUE
G1: =CONCATENATE(+TEST!B2," ",TEST!B3) -> DUMAS FRANK
I26: MES STYLES DE MANAGEMENT
I28: ADAPTÉS | L28: ='Correction 2'!K12 -> MAXIMALISTE
I34: INADAPTÉS | L34: ='Correction 2'!L12 -> AUTOCRATE
I40: CUMULÉ | L40: ='Correction 2'!M12 -> AUTOCRATE ENTREPRENANT UTOPISTE MAXIMALISTE
